 Dungeon Crawl Stone Soup version 0.31-a0-818-ge7c7cf74f0 (webtiles) character file.

Game seed: 3748103310538952560

28908 Danienth the Severer (level 13, -18/119 HPs)
             Began as a Minotaur Fighter on Sept 22, 2023.
             Was the Champion of Okawaru.
             Succumbed to Rupert's poison
             ... on level 13 of the Dungeon on Sept 23, 2023.
             The game lasted 01:54:57 (14007 turns).

Danienth the Severer (Minotaur Fighter)            Turns: 14007, Time: 01:54:58

Health: -18/119    AC: 11    Str: 22    XL:     13   Next: 12%
Magic:  8/14       EV: 13    Int: 16    God:    Okawaru [******]
Gold:   604        SH:  7    Dex: 16    Spells: 14/14 levels left

rFire   + . .        a - +3 war axe (venom)
rCold   . . .        c - +0 buckler
rNeg    . . .        M - +0 ring mail "Nuttacvihoe" {Dex+4}
rPois   .            B - +2 hat {Int+3}
rElec   +            U - scarf of the Unseen Realm {+Inv, Harm rF+ Int+6}
rCorr   +            D - +1 pair of gloves
SInv    .            (no boots)
Will    .....        t - amulet of guardian spirit Stlth
                     (no ring)
HPRegen 0.39/turn    z - ring of resist corrosion
MPRegen 0.14/turn

%: harm (+30% outgoing, +20% incoming), guardian spirit
@: lethally poisoned (-18 -> -323), silenced, hasted, very quick
A: horns 2, retaliatory headbutt, fangs 1, electricity resistance, wild magic 1
a: Renounce Religion, Evoke Invisibility


You were on level 13 of the Dungeon.
You worshipped Okawaru.
Okawaru was exalted by your worship.
You visited 1 branch of the dungeon, and saw 13 of its levels.
You also visited: Bailey.

You collected 1005 gold pieces.
You spent 401 gold pieces at shops.

Inventory:

Hand Weapons
 a - a +3 war axe of venom (weapon)
 l - a +3 halberd of freezing
 u - a +7 hand axe
 v - a +2 mace of draining
 A - a +3 morningstar of freezing
 I - a +3 antimagic battleaxe
 Q - a +2 trident of draining
Missiles
 H - a javelin
Armour
 b - a +0 scale mail
 c - a +0 buckler (worn)
 h - a +0 troll leather armour
 p - a +2 cloak
 B - a +2 hat of intelligence (worn)
 D - a +1 pair of gloves (worn)
 M - the +0 ring mail "Nuttacvihoe" (worn) {Dex+4}
   (You found it on level 12 of the Dungeon)

   Dex+4:     It affects your dexterity (+4).
 R - an orb of mayhem
 U - the scarf of the Unseen Realm (worn) {+Inv, Harm rF+ Int+6}
   (You found it on level 12 of the Dungeon)

   Int+6:     It affects your intelligence (+6).
   rF+:       It protects you from fire.
   Harm:      It increases damage dealt and taken.
 X - an orb of wrath
Jewellery
 e - a ring of protection from fire
 g - a ring of protection from fire
 t - an amulet of guardian spirit (around neck)
 z - a ring of resist corrosion (right hand)
Wands
 i - a wand of digging (7)
 F - a wand of paralysis (9)
 J - a wand of mindburst (2)
Scrolls
 m - a scroll of poison
 r - 4 scrolls of teleportation
 w - a scroll of fear
 L - a scroll of torment
 T - 3 scrolls of summoning
Potions
 j - 4 potions of mutation
 k - a potion of brilliance
 s - a potion of haste
 G - a potion of attraction
 K - 2 potions of lignification
 N - a potion of magic
Miscellaneous
 x - a condenser vane
 V - a phial of floods


   Skills:
 + Level 12.7 Fighting
 + Level 16.9(17.1) Axes
 - Level 2.5(11.4) Maces & Flails
 - Level 2.2(11.3) Polearms
 - Level 1.8 Throwing
 * Level 10.6 Armour
 - Level 4.3 Dodging
 * Level 10.2 Shields
 - Level 1.0 Spellcasting
 - Level 3.2 Invocations


You had 14 spell levels left.
You didn't know any spells.
Your spell library contained the following spells:

 Spells                   Type           Power      Damage    Failure   Level
 Magic Dart               Conj           4%         1d3       45%         1
 Sublimation of Blood     Necr           1%         N/A       58%         2
 Mephitic Cloud           Conj/Pois/Air  1%         N/A       82%         3
 Ozocubu's Armour         Ice            1%         N/A       82%         3
 Volatile Blastmotes      Fire/Tloc      2%         2d10      82%         3
 Fulminant Prism          Conj/Hex       0%         3d5       99%         4
 Iskenderun's Mystic Bla  Conj/Tloc      1%         2d3       99%         4
 Passage of Golubria      Tloc           1%         N/A       99%         4
 Petrify                  Tmut/Erth      1%         N/A       99%         4
 Irradiate                Conj/Tmut      0%         3d11      100%        5
 Yara's Violent Unravell  Hex/Tmut       0%         3d3       100%        5
 Ozocubu's Refrigeration  Ice            0%         4d7       100%        7
 Call Imp                 Summ           Unusable   N/A       N/A         2
 Tukima's Dance           Hex            Unusable   N/A       N/A         3

Dungeon Overview and Level Annotations

Branches:
Dungeon (13/15)            Temple (0/1) D:7            Lair (0/5) D:10
    Orc (0/2) D:11         Vaults (0/5) D:13         Bailey (visited)

Altars:
Ashenzari
Cheibriados
Elyvilon
Gozag
Kikubaaqudgha
Makhleb
Nemelex Xobeh
Okawaru
Trog
Wu Jian
Yredelemnul
The Shining One

Shops:
D:4 [(??   D:11 [

Annotations:
D:13 Nessos, Rupert


Innate Abilities, Weirdness & Mutations

You have a pair of horns on your head.
You reflexively headbutt those who attack you in melee.
You have very sharp teeth.
You are resistant to electric shocks. (rElec)
Your spells are a little harder to cast, but a little more powerful.


Message History

Rupert is heavily wounded.
You block Rupert's attack.
Cleave: a) +3 war axe (venom)
Press: ? - help, Dir - move target, f/p - Rupert
Aim: Rupert, wielding a +3 great mace of venom and wearing a +0 leather armour (silenced, heavily wounded, berserk, extremely poisoned, about 27% to evade your +3 war axe of venom)
You closely miss Rupert.
Rupert is heavily wounded.
Rupert barely misses you.
Cleave: a) +3 war axe (venom)
Press: ? - help, Dir - move target, f/p - Rupert
Aim: Rupert, wielding a +3 great mace of venom and wearing a +0 leather armour (silenced, heavily wounded, berserk, extremely poisoned, about 27% to evade your +3 war axe of venom)
You slash Rupert!
Rupert looks as sick as possible!
Rupert is severely wounded.
Rupert closely misses you.
Cleave: a) +3 war axe (venom)
Press: ? - help, Dir - move target, f/p - Rupert
Aim: Rupert, wielding a +3 great mace of venom and wearing a +0 leather armour (silenced, severely wounded, berserk, extremely poisoned, about 27% to evade your +3 war axe of venom)
You hit Rupert. Your headbutt misses Rupert.
Rupert is severely wounded.
Rupert hits you with a +3 great mace of venom!!
You are lethally poisoned!
Cleave: a) +3 war axe (venom)
Press: ? - help, Dir - move target, f/p - Rupert
Aim: Rupert, wielding a +3 great mace of venom and wearing a +0 leather armour (silenced, severely wounded, berserk, extremely poisoned, about 27% to evade your +3 war axe of venom)
You barely miss Rupert.
Rupert is severely wounded.
* * * LOW HITPOINT WARNING * * *
You feel extremely sick. Rupert completely misses you.
Okay, then.
Aiming: Paralyse
Press: ? - help, Shift-Dir - straight line, f/p - Rupert
Aim: Rupert, wielding a +3 great mace of venom and wearing a +0 leather armour (silenced, severely wounded, berserk, extremely poisoned, chance to affect: 1%)
Okay, then.
Cleave: a) +3 war axe (venom)
Press: ? - help, Dir - move target, f/p - Rupert
Aim: Rupert, wielding a +3 great mace of venom and wearing a +0 leather armour (silenced, severely wounded, berserk, extremely poisoned, about 27% to evade your +3 war axe of venom)
Okay, then.
You feel yourself speed up.
You die...

## #.....#
#.....##
#.....(
#.....# #.
#.....# #.
#.....# #.
#.@...# #
# #.@...#
....#.
#'##.....#
......
#....#####
...c..
######
.p....
.@....
>Qp...
<∩....
......
......


You could see Rupert (berserk, extremely poisoned).

Vanquished Creatures
  Snorg (D:12)
  A rakshasa (D:13)
  3 two-headed ogres
  A wizard (D:13)
  2 phantasmal warriors (D:13)
  3 orc knights
  A cyclops (D:11)
  A gargoyle (D:9)
  A kobold demonologist (D:12)
  A rime drake (D:10)
  Jeremiah (D:8)
  An unseen horror (D:12)
  2 freezing wraiths
  3 polar bears (D:10)
  4 trolls
  2 hornets
  A centaur simulacrum (D:13)
  4 wraiths
  A vampire (D:11)
  15 yaks
  13 humans (D:13)
  2 steam dragons
  8 vampire mosquitoes
  2 wargs (D:11)
  An acid dragon (D:11)
  12 orc warriors
  2 ice beasts
  2 black bears
  A wolf (D:10)
  A centaur (D:8)
  3 phantoms
  2 gnoll sergeants
  3 scorpions
  6 wights
  9 killer bees
  5 hounds
  6 orc priests
  A jelly (D:8)
  Crazy Yiuf (D:2)
  A sleepcap (D:6)
  3 iguanas
  11 orc wizards
  Robin (D:2)
  12 gnolls
  12 adders
  A shadow imp (D:6)
  2 white imps
  3 worms
  3 dart slugs
  58 orcs
  4 ball pythons
  4 endoplasms
  2 giant cockroaches (D:1)
  14 goblins
  9 hobgoblins
  5 quokkas
  9 bats
  5 frilled lizards
  6 kobolds
  7 rats
301 creatures vanquished.

Vanquished Creatures (collateral kills)
  A vampire mosquito (D:11)
1 creature vanquished.

Grand Total: 302 creatures vanquished

Notes
Turn   | Place    | Note
-------+----------+-------------------------------------------
     0 | D:1      | Danienth the Minotaur Fighter began the quest for the Orb.
     0 | D:1      | Reached XP level 1. HP: 19/19 MP: 0/0
   116 | D:1      | Reached XP level 2. HP: 26/27 MP: 1/1
   283 | D:1      | Reached skill level 3 in Axes
   886 | D:1      | Reached XP level 3. HP: 15/33 MP: 2/2
  1087 | D:2      | Reached XP level 4. HP: 41/41 MP: 3/3
  1393 | D:2      | Found a runed translucent door.
  1394 | D:2      | Noticed Crazy Yiuf
  1438 | D:2      | Reached skill level 4 in Axes
  1678 | D:2      | Reached skill level 1 in Dodging
  1733 | D:2      | Noticed Robin
  1746 | D:2      | Killed Robin
  1747 | D:2      | Reached XP level 5. HP: 17/47 MP: 4/4
  2142 | D:2      | Killed Crazy Yiuf
  2249 | D:3      | Reached skill level 5 in Fighting
  2264 | D:3      | Noticed a phantom
  2277 | D:3      | Killed a phantom
  2278 | D:3      | Reached skill level 5 in Armour
  2327 | D:4      | Found Pirphaibu's Magic Scroll Emporium.
  2331 | D:4      | Noticed a black bear
  2340 | D:3      | Reached XP level 6. HP: 56/56 MP: 5/5
  2812 | D:4      | Found Becuah's Weapon Boutique.
  2812 | D:4      | Found an opulent altar of Gozag.
  2966 | D:4      | Reached skill level 5 in Shields
  2982 | D:4      | Found Riurubio's Magic Scroll Shoppe.
  3032 | D:4      | Reached skill level 5 in Axes
  3032 | D:4      | Reached XP level 7. HP: 49/61 MP: 4/6
  3081 | D:4      | Found a snail-covered altar of Cheibriados.
  3232 | D:4      | Found Curghigo's Armour Emporium.
  3466 | D:5      | Entered Level 5 of the Dungeon
  3803 | D:5      | Found a bloodstained altar of Trog.
  3823 | D:5      | Reached skill level 6 in Axes
  4857 | D:6      | Reached skill level 7 in Axes
  4883 | D:6      | Reached XP level 8. HP: 70/70 MP: 5/7
  5318 | D:6      | Found a sparkling altar of Nemelex Xobeh.
  5325 | D:6      | Found an iron altar of Okawaru.
  5325 | D:6      | Found a basalt altar of Yredelemnul.
  5325 | D:6      | Found a broken altar of Ashenzari.
  5326 | D:6      | Found a burning altar of Makhleb.
  5335 | D:6      | Became a worshipper of Warmaster Okawaru
  5994 | D:7      | Reached skill level 8 in Axes
  5997 | D:7      | Found a staircase to the Ecumenical Temple.
  6107 | D:7      | Reached * piety under Okawaru
  6108 | D:7      | Reached skill level 9 in Axes
  6661 | D:4      | Bought a +3 antimagic battleaxe for 401 gold pieces
  6845 | D:8      | Reached skill level 1 in Throwing
  6845 | D:8      | Reached XP level 9. HP: 69/78 MP: 6/8
  6859 | D:8      | Reached skill level 10 in Axes
  6921 | D:8      | Found a white marble altar of Elyvilon.
  7131 | D:8      | You fall into a shaft and drop 1 floor!
  7259 | D:9      | Reached ** piety under Okawaru
  7266 | D:9      | Reached skill level 11 in Axes
  7346 | D:9      | Noticed a troll
  7354 | D:9      | Killed a troll
  7354 | D:9      | Reached *** piety under Okawaru
  7355 | D:9      | Reached skill level 12 in Axes
  7460 | D:9      | Noticed a gargoyle
  7461 | D:9      | Gained mutation: You have large cloven feet. [potion of
                  | mutation]
  7461 | D:9      | Gained mutation: Your body sometimes deteriorates upon
                  | taking damage. [potion of mutation]
  7461 | D:9      | Gained mutation: You are strong-willed. (Will+) [potion of
                  | mutation]
  7462 | D:9      | Lost mutation: You have large cloven feet. [potion of
                  | mutation]
  7462 | D:9      | Lost mutation: You are strong-willed. (Will+) [potion of
                  | mutation]
  7462 | D:9      | Lost mutation: Your body sometimes deteriorates upon taking
                  | damage. [potion of mutation]
  7462 | D:9      | Gained mutation: You have hidden genetic potential. [potion
                  | of mutation]
  7462 | D:9      | Gained mutation: You have very sharp teeth. [potion of
                  | mutation]
  7475 | D:9      | Killed a gargoyle
  7476 | D:9      | Reached skill level 13 in Axes
  7845 | D:9      | Reached XP level 10. HP: 77/86 MP: 7/9
  8350 | D:8      | Noticed Jeremiah
  8380 | D:8      | Paralysed by Jeremiah for 4 turns
  8410 | D:8      | Killed Jeremiah
  8411 | D:8      | Reached skill level 14 in Axes
  8694 | D:8      | Found an ornate altar of the Wu Jian Council.
  8763 | D:10     | Entered Level 10 of the Dungeon
  8817 | D:10     | Found a glowing golden altar of the Shining One.
  8884 | D:10     | Noticed a two-headed ogre
  8892 | D:10     | Killed a two-headed ogre
  8899 | D:10     | Reached **** piety under Okawaru
  8900 | D:10     | Reached skill level 15 in Axes
  8902 | D:10     | Gained mutation: Your spells are a little harder to cast,
                  | but a little more powerful. [hidden potential]
  8978 | D:10     | Found a staircase to the Lair.
  9011 | D:10     | Found a flagged portal.
  9025 | D:10     | Reached skill level 1 in Maces & Flails
  9027 | D:10     | Reached skill level 16 in Axes
  9033 | Bailey   | Entered a bailey
  9439 | Bailey   | Reached ***** piety under Okawaru
  9591 | Bailey   | Noticed an orc knight
  9916 | Bailey   | Killed an orc knight
 10018 | Bailey   | Noticed an orc knight
 10034 | Bailey   | Killed an orc knight
 10035 | Bailey   | Reached skill level 1 in Polearms
 10035 | Bailey   | Reached XP level 11. HP: 61/92 MP: 5/10
 10262 | D:10     | Noticed a two-headed ogre
 10273 | D:10     | Killed a two-headed ogre
 10692 | D:11     | Gained mutation: You are resistant to electric shocks.
                  | (rElec) [hidden potential]
 10692 | D:11     | Lost mutation: You have hidden genetic potential. [hidden
                  | potential expressed]
 10761 | D:11     | Found Muabyome's Armour Shop.
 10882 | D:11     | Reached skill level 10 in Fighting
 10882 | D:11     | Reached XP level 12. HP: 106/106 MP: 11/11
 10950 | D:11     | Found an ancient bone altar of Kikubaaqudgha.
 11074 | D:11     | Found a staircase to the Orcish Mines.
 11913 | D:12     | Reached skill level 1 in Invocations
 11921 | D:12     | Identified the +0 ring mail "Nuttacvihoe" {Dex+4}
 12031 | D:12     | Noticed Snorg
 12042 | D:12     | Killed Snorg
 12042 | D:12     | Received a gift from Okawaru
 12208 | D:12     | Identified the scarf of the Unseen Realm {+Inv, Harm rF+
                  | Int+6}
 12575 | D:13     | Noticed a death knight
 12583 | D:13     | Noticed a two-headed ogre
 12623 | D:13     | Reached skill level 10 in Armour
 12648 | D:13     | Noticed a boulder beetle
 13205 | D:13     | Noticed a rakshasa
 13215 | D:13     | Killed a rakshasa
 13582 | D:13     | Killed a two-headed ogre
 13583 | D:13     | Reached skill level 1 in Spellcasting
 13638 | D:13     | Reached ****** piety under Okawaru
 13645 | D:13     | Reached XP level 13. HP: 118/119 MP: 12/14
 13652 | D:13     | Reached skill level 10 in Shields
 13702 | D:13     | Found a gate to the Vaults.
 13702 | D:13     | Noticed Nessos
 13702 | D:13     | Noticed Rupert
 13705 | D:13     | Received a gift from Okawaru
 14007 | D:13     | Succumbed to Rupert's poison

Illustrated notes

Levels and vault maps discovered:
D:1:      psy_arrival_spokes, layout_loops_cross, nicolae_titane
D:2:      layout_loops_corners, uniq_robin, uniq_crazy_yiuf_cottage
D:3:      layout_rooms, nicolae_elevator_lobby_plus
D:4:      layout_rooms, lemuel_tele_altar, nicolae_gozag_seed_capital,
          serial_shops, shop, nicolae_shop_competitors_out_of_business,
          nicolae_shop_statue_plus, nicolae_shop_scrapyard,
          amcnicky_mini_rare_corridor_liquid
D:5:      layout_loops_cross, mainiacjoe_overflow_brackets,
          grunt_decor_resistance
D:6:      layout_layer_cave, minitemple, minmay_misc_feat_nine_boxes
D:7:      layout_gridville, temple_pool_b, mrwooster_statue_mirror,
          serial_bayou_crossing
D:8:      layout_loops_cross, nicolae_overflow_crystal_walls, marbit_many_paths,
          grunt_ministairs_5, reono_crystal_passage, nrook_mini_backslash,
          uniq_jeremiah
D:9:      layout_irregular_city
D:10:     layout_irregular_city, mainiacjoe_overflow_small_starburst,
          hellmonk_lair_entry_icy, enter_bailey_6, serial_column_ruins,
          column_ruins_grid_5, column_ruins_square_huge, column_ruins_open_tiny,
          column_ruins_grid_1, column_ruins_open_tiny, column_ruins_open_large,
          chequers_serial_rivers_micro_b
D:11:     layout_roguey, david_orc_1_choice, serial_shops, kennysheep_mini,
          kiku_gazebo_garden_becter
D:12:     layout_rooms, uniq_snorg
D:13:     layout_basic, david_vaults_3, dk_noncrumbling_2, uniq_rupert

Skill      XL: |  1  2  3  4  5  6  7  8  9 10 11 12 13 |
---------------+----------------------------------------+-----
Axes           | 3 4 5 7 9 13 16 | 16.9
Armour         | 4 5 6 9 10 | 10.6
Fighting       | 4 5 6 7 10 12 | 12.7
Dodging        | 1 3 4 |  4.3
Shields        | 4 5 6 8 9 10 | 10.2
Throwing       | 1 |  1.8
Maces & Flails | 2 |  2.5
Polearms       | 1 2 |  2.2
Invocations    | 3 |  3.2
Spellcasting   | 1 |  1.0

Action                     |  1- 3 |  4- 6 |  7- 9 | 10-12 | 13-15 || total
---------------------------+-------+-------+-------+-------+-------++-------
  Melee: War axe           |    71 |   180 |   254 |   180 |    33 ||   718
         Headbutt          |     4 |    23 |    41 |    60 |    12 ||   140
         Hand axe          |       |       |     7 |   121 |       ||   128
         Bite              |       |       |     4 |    41 |     6 ||    51
         Halberd           |       |       |       |    38 |       ||    38
         Mace              |       |       |       |    10 |       ||    10
  Throw: Javelin           |       |       |     7 |     3 |     1 ||    11
         Dart              |       |       |    12 |    34 |     5 ||    51
         Boomerang         |       |       |     2 |    28 |       ||    30
         Throwing net      |       |       |       |       |     2 ||     2
 Invoke: Heroism           |       |       |     2 |     5 |       ||     7
  Evoke: Wand              |       |       |       |    18 |       ||    18
    Use: Scroll            |     1 |     5 |    15 |    24 |     3 ||    48
         Potion            |     1 |     1 |     5 |    16 |     1 ||    24
   Stab: Held in net/web   |       |       |       |       |     2 ||     2
 Armour: Scale mail        |    48 |    15 |       |       |       ||    63
         Troll leather arm |       |   123 |   136 |   195 |       ||   454
         Ring mail         |       |       |       |    51 |    15 ||    66
  Dodge: Dodged            |    30 |    97 |   103 |   154 |     7 ||   391
  Block: Buckler           |     9 |    39 |    49 |    56 |    11 ||   164

Table legend: (Time is in decaauts)
 A = Elapsed time spent in this place.
 B = Non-inter-level travel time spent in this place.
 C = Inter-level travel time spent in this place.
 D = Time resting spent in this place.
 E = Time spent auto-exploring this place.
 F = Levels seen in this place.
 G = Mean time per level.
                   A        B        C        D        E       F      G
               +--------+--------+--------+--------+--------+-----+--------+
         Total |  14003 |  12863 |   1140 |   3033 |   7474 |  14 | 1000.2 |
       Dungeon |  12884 |  11744 |   1140 |   2295 |   7340 |  13 |  991.1 |
        Bailey |   1119 |   1119 |      0 |    738 |    134 |   1 | 1119.0 |
               +--------+--------+--------+--------+--------+-----+--------+

Top non-repeatable levels by time:
     D:2: 1509 daAuts
    D:13: 1461 daAuts
     D:5: 1331 daAuts
     D:6: 1271 daAuts
    D:11: 1214 daAuts
  Bailey: 1119 daAuts
     D:9: 1007 daAuts
     D:8: 947 daAuts
     D:1: 811 daAuts
    D:10: 731 daAuts
     D:4: 698 daAuts
     D:3: 672 daAuts
     D:7: 635 daAuts
    D:12: 589 daAuts
